 Dungeon Crawl Stone Soup version 0.24.0-13-gcf9b319 (webtiles) character file.

Game seed: 7200803706164364448, levelgen mode: deterministic

161 Balder the Poker (level 5, -2/42 HPs)
             Began as a Merfolk Berserker on Mar 5, 2020.
             Was a Believer of Trog.
             Killed by divine providence
             ... invoked by an orc priest
              (16 damage)
             ... on level 3 of the Dungeon.
             The game lasted 00:10:49 (2608 turns).

Balder the Poker (Merfolk Berserker)                Turns: 2608, Time: 00:10:50

Health: -2/42      AC:  7    Str: 22    XL:     5   Next: 42%
Magic:  5/5        EV: 12    Int:  6    God:    Trog [**....]
Gold:   93         SH:  0    Dex: 15    Spells: 4/4 levels left

rFire    . . .     SeeInvis .   b - +0 dagger (venom)
rCold    . . .     Gourm    .   (no shield)
rNeg     . . .     Faith    .   j - +0 scale mail
rPois    .         Spirit   .   d - +0 helmet
rElec    .         Reflect  .   (no cloak)
rCorr    .         Harm     .   (no gloves)
MR       .....                  (no boots)
Stlth    +.........             (no amulet)
HPRegen  0.14/turn              p - +5 ring of strength
MPRegen  0.09/turn              (no ring)

@: no status effects
A: change form in water, swift swim, stealthy swim
a: Berserk, Trog's Hand, Renounce Religion


You were on level 3 of the Dungeon.
You worshipped Trog.
Trog was pleased with you.
You were near starving.

You visited 1 branch of the dungeon, and saw 3 of its levels.

You collected 93 gold pieces.

Inventory:

Hand Weapons
 a - a +0 spear
 b - a +0 dagger of venom (weapon)
 l - a +0 hand crossbow
Missiles
 f - 2 boomerangs of dispersal (quivered)
Armour
 d - a +0 helmet (worn)
 j - a +0 scale mail (worn)
Jewellery
 g - a +4 ring of intelligence
 h - an uncursed ring of flight
 p - a +5 ring of strength (left hand)
Wands
 s - a wand of paralysis (7)
Scrolls
 e - a scroll of identify
 i - a scroll of teleportation {unknown}
Potions
 k - a potion of cancellation {unknown}
 m - 2 potions of haste {unknown}
 n - a potion of ambrosia {unknown}
 o - a potion of agility {unknown}
 q - a potion of might {unknown}
 r - 2 potions of degeneration {unknown}
Comestibles
 c - 5 rations


   Skills:
 * Level 4.0 Fighting
 * Level 1.9 Short Blades
 * Level 5.9 Polearms
 + Level 1.6 Armour
 * Level 4.0 Dodging
 * Level 1.9 Stealth


You had 4 spell levels left.
You didn't know any spells.
Your spell library was empty.

Dungeon Overview and Level Annotations

Branches:
Dungeon (3/15)

Altars:


Message History

The orc priest is heavily wounded.
You hit the orc priest.
The orc priest looks as sick as possible!
The orc priest is almost dead.
The orc priest begins to cast a cantrip, but forgets the words!
You hit the orc priest but do no damage.
The orc priest looks as sick as possible!
The orc priest is almost dead.
The orc priest mumbles some strange prayers to Beogh against you.
Pain shoots through your body!
You closely miss the orc priest.
The orc priest is almost dead.
You kill the orc priest!
Trog accepts your kill.
Your Fighting skill increases to level 4!
Your Dodging skill increases to level 4!
You closely miss the orc priest.
The orc priest invokes the aid of Beogh against you.
Beogh smites you!
You die...

.##....#########.
#.#.#..# ###.#..#
#.#.#.## #...>#
#.#.#.# ######
#...#.#
########...#
#....# #.###
###.##.# #.#
#...##.###.#
#@####.....#
####o##########
#............
#+##.........
...........
.............
....$..........
.ooo...........
.......########


You could see an orc priest.

Vanquished Creatures
  2 orc priests (D:3)
  Robin (D:2)
  2 adders
  An ooze (D:2)
  A worm (D:2)
  A dart slug (D:1)
  2 leopard geckos
  2 orcs (D:3)
  A giant cockroach (D:2)
  20 goblins
  8 hobgoblins
  5 kobolds
  3 bats
  2 frilled lizards (D:2)
  5 rats (D:1)
56 creatures vanquished.

Notes
Turn   | Place    | Note
-------+----------+-------------------------------------------
     0 | D:1      | Balder the Merfolk Berserker began the quest for the Orb.
     0 | D:1      | Reached XP level 1. HP: 18/18 MP: 1/1
   440 | D:1      | Reached XP level 2. HP: 16/24 MP: 2/2
   874 | D:1      | Reached skill level 5 in Polearms
  1087 | D:1      | Reached XP level 3. HP: 26/29 MP: 3/3
  1529 | D:2      | Reached ** piety under Trog
  1529 | D:2      | Reached skill level 1 in Stealth
  1859 | D:2      | Noticed Robin
  1865 | D:2      | Reached XP level 4. HP: 23/37 MP: 4/4
  1906 | D:2      | Killed Robin
  2006 | D:2      | Reached skill level 1 in Short Blades
  2595 | D:3      | Reached XP level 5. HP: 30/42 MP: 5/5
  2608 | D:3      | Killed from afar by an orc priest

Levels and vault maps discovered:
D:1:      dpeg_arrival_concentric_ovals, layout_loops_ring,
          grunt_decor_arrowhead
D:2:      layout_loops_cross, uniq_robin
D:3:      lemuel_upstairs_altar, layout_basic, old_standard_altar

Skill      XL: |  1  2  3  4  5 |
---------------+----------------+-----
Dodging        | 3 4 |  4.0
Polearms       | 5 |  5.9
Stealth        | 1 |  1.9
Short Blades   | 1 |  1.9
Fighting       | 4 |  4.0
Armour         | |  1.6

Action                   |  1- 3 |  4- 6 || total
-------------------------+-------+-------++-------
Melee: Spear             |    44 |    48 ||    92
       Dagger            |    93 |    35 ||   128
Throw: Boomerang         |       |     2 ||     2
Invok: Trog's Hand       |       |     1 ||     1
Evoke: Wand              |       |     2 ||     2
  Use: Scroll            |     2 |     1 ||     3
       Potion            |       |     1 ||     1
 Stab: Sleeping          |     2 |       ||     2
  Eat: Chunk             |     3 |     1 ||     4
Armor: Animal skin       |    21 |       ||    21
       Scale mail        |    14 |    24 ||    38
Dodge: Dodged            |    78 |    48 ||   126
